 Dungeon Crawl Stone Soup version 0.17.0-22-g5edae84 (webtiles) character file.

3579 Leibowitz the Nimble (level 10, -2/59 HPs)
             Began as a Kobold Gladiator on Nov 13, 2015.
             Was a Believer of Okawaru.
             Slain by an adder (5 damage)
             ... on level 8 of the Dungeon.
             The game lasted 00:25:30 (6903 turns).

Leibowitz the Nimble (Kobold Gladiator)             Turns: 6903, Time: 00:25:30

Health: -2/59      AC:  5    Str: 16    XL:     10   Next: 31%
Magic:  10/10      EV: 24    Int: 11    God:    Okawaru [**....]
Gold:   381        SH:  0    Dex: 20    Spells: 0 memorised, 9 levels left

rFire  . . .     SeeInvis .     a - +0 dagger (venom)
rCold  + . .     Clarity  .     k - +0 leather armour (curse)
rNeg   . . .     SustAt   .     (shield restricted)
rPois  +         Gourm    .     c - +0 helmet
rElec  .         Spirit   .     (no cloak)
rCorr  +         Warding  .     (no gloves)
rMut   .         Stasis   .     l - +0 pair of boots
MR     .....                    x - amulet of Jonom {rCorr rC+ Str+2}
Stlth  ++++++....               o - ring of poison resistance
                                t - ring of stealth

@: brilliant, not resistant to hostile enchantments, very stealthy
A: carnivore 3
a: Heroism, Renounce Religion


You were on level 8 of the Dungeon.
You worshipped Okawaru.
Okawaru was pleased with you.
You were very full.

You visited 2 branches of the dungeon, and saw 9 of its levels.

You collected 381 gold pieces.

Inventory:

Hand Weapons
 a - a +0 dagger of venom (weapon)
 b - a +2 short sword of speed
Armour
 c - a +0 helmet (worn)
 k - a cursed +0 leather armour (worn)
 l - a +0 pair of boots (worn)
Jewellery
 h - an uncursed ring of flight
 n - an uncursed ring of sustain attributes
 o - a ring of poison resistance (right hand)
 p - an uncursed ring of see invisible
 t - a ring of stealth (left hand)
 x - the amulet of Jonom (around neck) {rCorr rC+ Str+2}
   (You found it on level 4 of the Dungeon)

   [amulet of resist corrosion]

   It protects you from acid and corrosion.
   It affects your strength (+2).
   It protects you from cold.
Wands
 m - a wand of cold (10)
 v - a wand of disintegration (12)
Scrolls
 d - a scroll of magic mapping
 j - 7 scrolls of identify
 u - a scroll of remove curse
Potions
 g - a potion of cancellation
Comestibles
 e - 3 meat rations
 f - 2 beef jerkies


   Skills:
 + Level 5.0 Fighting
 + Level 8.0 Short Blades
 + Level 2.4 Throwing
 + Level 3.8 Armour
 + Level 10.7 Dodging
 + Level 10.6 Stealth
 + Level 0.2 Evocations


You had 9 spell levels left.
You didn't know any spells.

Dungeon Overview and Level Annotations

Branches:
Dungeon (8/15)             Temple (1/1) D:6
   Lair: D:8-11

Altars:
Ashenzari
Cheibriados
Dithmenos
Elyvilon
Fedhas
Gozag
Makhleb
Nemelex Xobeh
Okawaru
Qazlal
Ru
Sif Muna
Trog
Xom
Yredelemnul
Zin
The Shining One


Innate Abilities, Weirdness & Mutations

You are small and have problems with some larger weapons.
You are carnivorous and can eat meat at any time.


Message History

The big kobold misses you. The kobold misses you.
You closely miss the kobold.
The kobold is severely wounded.
The kobold hits you but does no damage. The adder misses you.
The kobold misses you.
You hit the kobold but do no damage.
The kobold looks even sicker.
The kobold is severely wounded.
The kobold closely misses you. x2
The big kobold barely misses you.
You hit the kobold.
You kill the kobold!
Okawaru accepts your kill. The adder completely misses you.
The kobold completely misses you. The kobold misses you.
The kobold completely misses you.
The adder looks more healthy.
The big kobold misses you. The adder misses you.
Things that are here:
a dagger; a stone Your surroundings seem slightly different.
The adder bites you.
You die...

#...............(
#.....(........l.
#................
#....(...........
#....))......../.
#...)............
#KK..............
#KKF.............
#@S..............
######.........#+
#.........#
#.........#
#.........#
#.........#


You could see a big kobold, a giant frog, an adder and 3 kobolds.

Vanquished Creatures
  Erica (D:8)
  Grinder (D:4)
  Edmund (D:4)
  Duvessa (D:5)
  2 sky beasts (D:5)
  3 ogres (D:4)
  2 ice beasts (D:6)
  A phantom (D:4)
  2 centaurs
  Blork the orc (D:4)
  Dowan (D:5)
  A water moccasin zombie (D:7)
  3 giant frogs (D:6)
  6 killer bees
  5 crimson imps
  2 jellies (D:6)
  5 worker ants
  5 orc priests
  Ijyb (D:3)
  A centaur skeleton (D:5)
  A giant frog skeleton (D:5)
  4 orc wizards (D:6)
  4 iguanas
  2 hounds
  A hound skeleton (D:5)
  2 adders
  A shadow imp (D:5)
  A white imp (D:4)
  An adder skeleton (D:6)
  3 worms
  7 giant geckos
  9 orcs
  A ball python (D:1)
  2 giant cockroaches
  11 goblins
  10 hobgoblins
  7 jackals
  8 bats
  A giant gecko zombie (D:5)
  3 giant newts
  3 goblin zombies (D:4)
  A hobgoblin zombie (D:4)
  6 kobolds
  A kobold skeleton (D:4)
  3 kobold zombies (D:4)
  An orc skeleton (D:4)
  2 orc zombies (D:4)
  10 rats
151 creatures vanquished.

Notes
Turn   | Place    | Note
--------------------------------------------------------------
     0 | D:1      | Leibowitz the Kobold Gladiator began the quest for the Orb.
     0 | D:1      | Reached XP level 1. HP: 12/12 MP: 1/1
    51 | D:1      | Reached XP level 2. HP: 13/18 MP: 2/2
   460 | D:1      | Reached XP level 3. HP: 22/22 MP: 3/3
   798 | D:2      | Reached skill level 1 in Stealth
   880 | D:2      | Reached XP level 4. HP: 27/27 MP: 4/4
   966 | D:2      | Reached skill level 5 in Short Blades
  1574 | D:3      | Noticed Ijyb
  1592 | D:3      | Killed Ijyb
  1859 | D:3      | Reached XP level 5. HP: 27/32 MP: 5/5
  1922 | D:3      | Found a glowing silver altar of Zin.
  2069 | D:4      | Noticed Blork the orc
  2087 | D:4      | Killed Blork the orc
  2087 | D:4      | Reached skill level 1 in Armour
  2370 | D:4      | Noticed an ogre
  2373 | D:4      | Got a slimy iron amulet
  2396 | D:4      | Killed an ogre
  2396 | D:4      | Reached skill level 5 in Dodging
  2396 | D:4      | Reached XP level 6. HP: 37/37 MP: 6/6
  2939 | D:4      | Identified the amulet of Jonom {rCorr rC+ Str+2} (You found it on level 4 of the Dungeon)
  2943 | D:4      | Gained mutation: You are weak. (Str -2) [potion of mutation]
  2943 | D:4      | Gained mutation: You tend to lose your temper in combat. [potion of mutation]
  2943 | D:4      | Gained mutation: You have a somewhat thin skeletal structure (Dex +2, Stealth). [potion of mutation]
  2954 | D:4      | Noticed Edmund
  2983 | D:4      | Killed Edmund
  2983 | D:4      | Reached skill level 6 in Dodging
  2983 | D:4      | Reached XP level 7. HP: 41/41 MP: 7/7
  3017 | D:4      | Found a glowing golden altar of the Shining One.
  3123 | D:4      | Noticed a moth of wrath
  3126 | D:4      | Found a bloodstained altar of Trog.
  3300 | D:4      | Lost mutation: You tend to lose your temper in combat. [potion of cure mutation]
  3300 | D:4      | Lost mutation: You are weak. (Str -2) [potion of cure mutation]
  3300 | D:4      | Lost mutation: You have a somewhat thin skeletal structure (Dex +2, Stealth). [potion of cure mutation]
  3373 | D:4      | Found a deep blue altar of Sif Muna.
  3455 | D:4      | Noticed Grinder
  3476 | D:4      | Killed Grinder
  3476 | D:4      | Reached skill level 7 in Dodging
  3476 | D:4      | Reached skill level 5 in Stealth
  3476 | D:4      | Reached XP level 8. HP: 33/46 MP: 8/8
  3510 | D:4      | Noticed a phantom
  3620 | D:4      | Killed a phantom
  3964 | D:4      | Noticed an ogre
  3973 | D:4      | Killed an ogre
  3992 | D:5      | Entered Level 5 of the Dungeon
  4020 | D:5      | Reached skill level 8 in Dodging
  4225 | D:5      | Noticed Duvessa
  4226 | D:5      | Noticed Dowan
  4284 | D:5      | Killed Duvessa
  4505 | D:5      | Reached XP level 9. HP: 49/52 MP: 9/9
  4600 | D:5      | Killed Dowan
  4940 | D:6      | Reached skill level 9 in Dodging
  4945 | D:6      | Found an opulent altar of Gozag.
  4960 | D:6      | Found a staircase to the Ecumenical Temple.
  4977 | Temple   | Entered the Ecumenical Temple
  5040 | Temple   | Became a worshipper of Warmaster Okawaru
  5247 | D:6      | Found a stormy altar of Qazlal.
  5280 | D:6      | Found a sparkling altar of Nemelex Xobeh.
  5280 | D:6      | Found a basalt altar of Yredelemnul.
  5281 | D:6      | Found a snail-covered altar of Cheibriados.
  5668 | D:6      | Reached * piety under Okawaru
  6642 | D:7      | Reached skill level 10 in Dodging
  6642 | D:7      | Reached XP level 10. HP: 53/58 MP: 10/10
  6644 | D:7      | Reached skill level 10 in Stealth
  6861 | D:7      | You fall through a shaft!
  6861 | D:8      | Noticed Erica
  6881 | D:8      | Killed Erica
  6881 | D:8      | Reached ** piety under Okawaru
  6881 | D:8      | Reached skill level 5 in Fighting
  6889 | D:8      | HP: 2/59 [kobold (4)]
  6895 | D:8      | HP: 2/59 [kobold/dagger (1)]
  6903 | D:8      | Slain by an adder

Action                   |  1- 3 |  4- 6 |  7- 9 | 10-12 || total
-------------------------+-------+-------+-------+-------++-------
Melee: Rapier            |    75 |    28 |    21 |       ||   124
       Dagger            |       |   122 |   500 |    62 ||   684
Throw: Throwing net      |     2 |       |     2 |       ||     4
Evoke: Wand              |       |       |       |     1 ||     1
  Use: Potion            |       |     6 |     6 |     1 ||    13
       Scroll            |       |     1 |     7 |     1 ||     9
 Stab: Sleeping          |     3 |     2 |    19 |       ||    24
       Held in net/web   |       |       |     2 |       ||     2
  Eat: Chunk             |     8 |     7 |    12 |       ||    27
